 Dungeon Crawl Stone Soup version 0.19.4 (webtiles) character file.

15 juanjsm the Sneak (level 2, -1/14 HPs)
             Began as a Spriggan Enchanter on Feb 2, 2017.
             Slain by a hobgoblin
             ... wielding a +0 club
              (5 damage)
             ... on level 1 of the Dungeon.
             The game lasted 00:03:21 (857 turns).

juanjsm the Sneak (Spriggan Enchanter)               Turns: 857, Time: 00:03:21

Health: -1/14      AC:  3    Str:  4    XL:     2   Next: 34%
Magic:  0/7        EV: 18    Int: 16    God:
Gold:   40         SH:  0    Dex: 16    Spells: 2 memorised, 4 levels left

rFire  . . .     SeeInvis +     a - +1 dagger
rCold  . . .     Gourm    .     b - +1 robe
rNeg   . . .     Faith    .     (shield restricted)
rPois  .         Spirit   .     (helmet restricted)
rElec  .         Reflect  .     (no cloak)
rCorr  .         Harm     .     (gloves unavailable)
MR     .....                    (boots unavailable)
Stlth  +++.......               (no amulet)
                                (no ring)
                                (no ring)

@: very quick
A: unfitting armour, see invisible, herbivore 3, speed 3, slow metabolism 2
a: no special abilities


You were on level 1 of the Dungeon.
You were not hungry.

You visited 1 branch of the dungeon, and saw 1 of its levels.

You collected 40 gold pieces.

Inventory:

Hand Weapons
 a - a +1 dagger (weapon)
Missiles
 h - 14 poisoned needles
Armour
 b - a +1 robe (worn)
Jewellery
 g - an uncursed amulet of harm {unknown}
Scrolls
 i - 2 scrolls of fear {unknown}
 k - a scroll of amnesia {unknown}
Potions
 e - 2 potions of flight {unknown}
 f - a potion of cancellation {unknown}
 j - a potion of brilliance {unknown}
 l - 2 potions of cure mutation {unknown}
 m - 2 potions of agility {unknown}
Books
 c - a book of Maledictions

   Spells                             Type                      Level
   a - Corona                         Hexes                        1
   b - Ensorcelled Hibernation        Hexes/Ice                    2
   c - Confuse                        Hexes                        3
   d - Tukima's Dance                 Hexes                        3
   e - Dazzling Spray                 Conjuration/Hexes            3
Comestibles
 d - a bread ration


   Skills:
 + Level 0.4 Fighting
 + Level 1.3 Short Blades
 + Level 3.3 Dodging
 + Level 4.6 Stealth
 + Level 3.0 Spellcasting
 + Level 3.7 Hexes


You had 4 spell levels left.
You knew the following spells:

 Your Spells              Type           Power        Failure   Level  Hunger
a - Corona                Hex            ##.....      4%          1    #......
b - Ensorcelled Hibernat  Hex/Ice        #.....       14%         2    ##.....


Dungeon Overview and Level Annotations

Branches:
Dungeon (1/15)

Altars:


Innate Abilities, Weirdness & Mutations

You are very small and have problems with some larger weapons.
You are too small for most types of armour.
You have supernaturally acute eyesight. (SInv)
You are a herbivore.
You cover ground extremely quickly.
You need consume almost no food.


Message History

The hobgoblin is lightly wounded.
The hobgoblin misses you. The hobgoblin hits you with a club.
* * * LOW HITPOINT WARNING * * *
You are too injured to fight recklessly!
You are too injured to fight recklessly!
You closely miss the hobgoblin.
The hobgoblin is lightly wounded.
The hobgoblin misses you.
Casting: Ensorcelled Hibernation
Confirm with . or Enter, or press ? or * to list all spells.
Aiming: Ensorcelled Hibernation
Press: ? - help, Shift-Dir - straight line, f/p - hobgoblin
Aim: a hobgoblin (chance to defeat MR: 57%)
The hobgoblin resists with significant effort.
The hobgoblin barely misses you. The hobgoblin misses you.
You closely miss the hobgoblin.
The hobgoblin splashes around in the water.
The hobgoblin barely misses you.
You barely miss the hobgoblin. The hobgoblin hits you with a club.
You die...

♣≈≈≈♣≈≈≈≈≈≈≈≈≈≈≈≈≈≈≈P≈≈≈≈
♣≈♣≈≈PP≈≈≈≈≈≈≈≈≈≈≈≈≈≈≈≈≈≈
♣≈≈≈≈≈≈≈≈≈≈≈≈≈≈≈≈≈≈≈≈≈≈P≈
♣♣≈≈≈P≈≈≈≈≈≈≈≈≈≈≈≈≈≈≈≈P≈♣
.≈≈≈≈≈♣≈≈≈≈≈≈≈≈≈≈≈PPP≈≈≈♣
..♣≈♣≈≈≈≈≈≈≈≈≈≈≈≈≈≈≈≈P≈≈♣
#...≈♣≈≈♣≈≈≈≈♣≈≈≈≈P♣♣≈♣♣♣
##..P≈g♣♣♣♣♣≈♣♣P≈≈♣♣≈#
##..bg@≈≈♣≈♣≈♣♣♣#####
#############


You could see 2 hobgoblins and a bat.

Vanquished Creatures
  A giant cockroach (D:1)
  2 jackals (D:1)
  A kobold (D:1)
  2 bats (D:1)
  A frilled lizard (D:1)
  3 goblins (D:1)
  6 rats (D:1)
16 creatures vanquished.

Notes
Turn   | Place    | Note
-------+----------+-------------------------------------------
     0 | D:1      | juanjsm the Spriggan Enchanter began the quest for the Orb.
     0 | D:1      | Reached XP level 1. HP: 9/9 MP: 5/5
   404 | D:1      | Reached XP level 2. HP: 13/13 MP: 6/6
   408 | D:1      | Learned a level 2 spell: Ensorcelled Hibernation
   857 | D:1      | Slain by a hobgoblin

Skill      XL: |  1  2 |
---------------+-------+-----
Spellcasting   | 3 |  3.0
Fighting       | |  0.4
Short Blades   | |  1.3
Dodging        | |  3.3
Stealth        | |  4.6
Hexes          | |  3.7

Action                   || total
-------------------------++-------
Melee: Dagger            ||    65
 Cast: Corona            ||     6
       Ensorcelled Hiber ||     9
 Stab: Sleeping          ||    10
Armor: Robe              ||    15
Dodge: Dodged            ||    66
